 Dungeon Sprint DCSS version 0.21-a0-113-g6841d05 (webtiles) character file.

9237 Kidiri the Blocker (level 11, -4/73 HPs)
             Began as a Gargoyle Fighter on July 12, 2017.
             Was a High Priest of Okawaru.
             Slain by an orc knight
             ... wielding a +1 great sword
              (31 damage)
             ... in the Dungeon (Sprint IX: "|||||||||||||||||||||||||||||").
             The game lasted 00:06:35 (1762 turns).

Kidiri the Blocker (Gargoyle Fighter)               Turns: 1762, Time: 00:06:37

Health: -4/73      AC: 32    Str: 26    XL:     11   Next: 43%
Magic:  9/18       EV: 19    Int:  8    God:    Okawaru [*****.]
Gold:   650        SH: 16    Dex: 10    Spells: 10/10 levels left

rFire    . . .     SeeInvis .   a - +2 morningstar (protect)
rCold    . . .     Gourm    .   c - +0 shield
rNeg     + . .     Faith    .   A - +3 ring mail {rPois}
rPois    ∞         Spirit   .   y - +0 helmet
rElec    +         Reflect  .   p - +2 cloak
rCorr    .         Harm     .   (no gloves)
MR       .....     NoTele   +   (no boots)
Stlth    ++........             (no amulet)
HPRegen  0.22/turn              q - +3 ring of strength
MPRegen  0.16/turn              r - +2 ring of evasion

@: heroism, finesse, protection aura
A: negative energy resistance 1, electricity resistance, unbreathing,
petrification resistance, rot immunity, AC +7
a: Heroism, Finesse, Renounce Religion


You were in the Dungeon.
You worshipped Okawaru.
Okawaru was extremely pleased with you.
You were not hungry.

You visited 1 branch You collected 650 gold pieces.

Inventory:

Hand Weapons
 a - a +2 morningstar of protection (weapon)
Missiles
 j - 2 throwing nets (quivered)
 x - 8 silver javelins
Armour
 c - a +0 shield (worn)
 p - a +2 cloak (worn)
 y - a +0 helmet (worn)
 A - a +3 ring mail of poison resistance (worn)
Jewellery
 q - a +3 ring of strength (left hand)
 r - a +2 ring of evasion (right hand)
Wands
 o - a wand of lightning (7/15)
Scrolls
 k - 2 scrolls of blinking
 m - 4 scrolls of remove curse
 n - 2 scrolls of amnesia
 s - 2 scrolls of enchant armour
 t - a scroll of fog
 u - 2 scrolls of enchant weapon
 v - a scroll of identify
Potions
 d - a potion of might
 e - 8 potions of curing
 g - 7 potions of heal wounds
 h - 2 potions of haste
 i - 4 potions of magic
 l - a potion of invisibility
Comestibles
 b - 19 chunks of flesh
 f - 13 bread rations
 w - 13 meat rations
 z - 40 fruits


   Skills:
 + Level 10.7(15.7) Fighting
 * Level 13.1(18.1) Maces & Flails
 + Level 2.5(7.5) Throwing
 * Level 14.2(19.2) Armour
 + Level 8.0(13.0) Dodging
 * Level 14.3(19.3) Shields
 + Level 9.4 Invocations


You had 10 spell levels left.
You didn't know any spells.

Dungeon Overview and Level Annotations

Branches:
Dungeon (1/1)

Altars:
Cheibriados
Dithmenos
Elyvilon
Fedhas
Gozag
Hepliaklqana
Kikubaaqudgha
Makhleb
Nemelex Xobeh
Okawaru
Qazlal
Ru
Sif Muna
Trog
Uskayaw
Vehumet
Wu Jian
Xom
Yredelemnul
Zin
The Shining One
Beogh
Jiyva
Lugonu


Innate Abilities, Weirdness & Mutations

You are resistant to torment.
Your stone body is resilient. (AC +7)
You are immune to poison.
You resist negative energy. (rN+)
You are resistant to electric shocks. (rElec)
You can survive without breathing.
You are immune to petrification.
You are immune to rotting.


Message History

The orc knight is severely wounded.
You block the orc knight's attack.
You puncture the orc knight!
The orc knight is almost dead.
You hit the orc knight but do no damage.
The orc knight is almost dead.
You barely miss the orc knight.
The orc knight is almost dead.
You block the orc knight's attack.
You hit the orc knight but do no damage.
The orc knight is almost dead.
The orc high priest utters an invocation to Beogh.
You barely miss the orc knight.
The orc knight is almost dead.
You puncture the orc knight!
You kill the orc knight!
Okawaru is honoured by your kill.
Your base Dodging skill increases to level 8!
The orc knight hits you with an enchanted great sword!!
You die...

.)|..'________________________'..
▓▓▓▓▓▓▓▓▓▓▓▓▓▓▓▓▓▓▓▓▓▓▓▓▓▓▓▓▓▓▓▓▓
.................................
▓▓▓▓▓▓▓▓▓▓▓▓▓▓▓▓▓▓▓▓▓▓▓▓▓▓▓▓▓▓▓▓▓
.....'.......%%'........%'......)
▓▓▓▓▓▓▓▓▓▓▓▓▓▓▓▓▓▓▓▓▓▓▓▓▓▓▓▓▓▓▓▓▓
...........................[.....
▓▓▓▓▓▓▓▓▓▓▓▓▓▓▓▓▓▓▓▓▓▓▓▓▓▓▓▓▓▓▓▓▓
ooo34oo@))'....).[)))÷))
▓▓▓▓▓▓▓▓▓▓▓▓▓▓▓▓▓▓▓▓▓▓▓▓


You could see 2 orc knights, a soul eater, an orc high priest, a red devil and 2
orc warriors.

Vanquished Creatures
  Harold (D)
  2 hydras (D)
  2 unseen horrors (D)
  2 lindwurms (D)
  2 orc knights (D)
  An elephant (D)
  A black mamba (D)
  2 spiny frogs (D)
  2 tyrant leeches (D)
  A blink frog (D)
  3 hippogriffs (D)
  A wyvern (D)
  A basilisk (D)
  2 porcupines (D)
  3 water moccasins (D)
  4 orc warriors (D)
  A sky beast (D)
  2 ogres (D)
  A crocodile (D)
  2 big kobolds (D)
  2 bullfrogs (D)
  A crimson imp (D)
  An orc priest (D)
  A hound (D)
  An iguana (D)
  4 orc wizards (D)
  A worker ant (D)
  An adder zombie (D)
  2 adder skeletons (D)
  4 worms (D)
  8 orcs (D)
  A goblin (D)
  2 kobolds (D)
  A bat (D)
  A quokka zombie (D)
  A rat (D)
68 creatures vanquished.

Vanquished Creatures (others)
  A spatial maelstrom (D)
1 creature vanquished.

Grand Total: 69 creatures vanquished

Notes
Turn   | Place    | Note
-------+----------+-------------------------------------------
     0 | D        | Kidiri the Gargoyle Fighter began the quest for the Orb.
     0 | D        | Reached XP level 1. HP: 14/14 MP: 1/1
    10 | D        | Banished a spatial maelstrom
    73 | D        | Noticed a crimson imp
    73 | D        | Noticed an iguana
    73 | D        | Noticed a hound
    73 | D        | Noticed an ogre
    78 | D        | Reached skill level 1 in Dodging
    78 | D        | Reached XP level 2. HP: 20/20 MP: 2/2
    82 | D        | Killed an ogre
    82 | D        | Reached skill level 5 in Armour
    82 | D        | Reached skill level 5 in Shields
    82 | D        | Reached XP level 3. HP: 14/24 MP: 3/3
    82 | D        | Reached XP level 4. HP: 18/30 MP: 4/4
    84 | D        | Reached skill level 5 in Fighting
    84 | D        | Reached skill level 5 in Maces & Flails
    84 | D        | Reached XP level 5. HP: 17/35 MP: 5/5
   100 | D        | Found a roughly hewn altar of Beogh.
   100 | D        | Found a snail-covered altar of Cheibriados.
   100 | D        | Found a shadowy altar of Dithmenos.
   100 | D        | Found a white marble altar of Elyvilon.
   100 | D        | Found a blossoming altar of Fedhas.
   100 | D        | Found an opulent altar of Gozag.
   101 | D        | Found a hazy altar of Hepliaklqana.
   102 | D        | Found a viscous altar of Jiyva.
   103 | D        | Found an ancient bone altar of Kikubaaqudgha.
   104 | D        | Found a corrupted altar of Lugonu.
   105 | D        | Found a burning altar of Makhleb.
   106 | D        | Found a sparkling altar of Nemelex Xobeh.
   107 | D        | Found an iron altar of Okawaru.
   108 | D        | Found a stormy altar of Qazlal.
   109 | D        | Found a sacrificial altar of Ru.
   110 | D        | Found a deep blue altar of Sif Muna.
   111 | D        | Found a bloodstained altar of Trog.
   112 | D        | Found a hide-covered altar of Uskayaw.
   113 | D        | Found a radiant altar of Vehumet.
   114 | D        | Found an ornate altar of the Wu Jian Council.
   115 | D        | Became a worshipper of Warmaster Okawaru
   116 | D        | Found a shimmering altar of Xom.
   117 | D        | Found a basalt altar of Yredelemnul.
   118 | D        | Found a glowing silver altar of Zin.
   119 | D        | Found a glowing golden altar of the Shining One.
   287 | D        | Noticed a big kobold
   287 | D        | Noticed a big kobold
   287 | D        | Noticed a sky beast
   298 | D        | Killed an unseen horror
   298 | D        | Reached * piety under Okawaru
   298 | D        | Reached ** piety under Okawaru
   298 | D        | Reached XP level 6. HP: 22/44 MP: 5/9
   298 | D        | Reached XP level 7. HP: 24/48 MP: 5/10
   325 | D        | Reached XP level 8. HP: 27/53 MP: 8/11
   333 | D        | Reached *** piety under Okawaru
   348 | D        | Killed an unseen horror
   348 | D        | Reached skill level 10 in Armour
   348 | D        | Reached skill level 5 in Dodging
   348 | D        | Reached skill level 10 in Shields
   348 | D        | Reached skill level 5 in Invocations
   559 | D        | Noticed a hippogriff
   559 | D        | Noticed a five-headed hydra
   565 | D        | Killed a five-headed hydra
   565 | D        | Reached **** piety under Okawaru
   565 | D        | Reached skill level 10 in Maces & Flails
   565 | D        | Reached XP level 9. HP: 41/60 MP: 10/13
   776 | D        | Noticed a spiny frog
   790 | D        | Reached ***** piety under Okawaru
   800 | D        | Killed a spiny frog
   802 | D        | Reached XP level 10. HP: 60/66 MP: 13/15
   976 | D        | Noticed an elephant
   976 | D        | Noticed a spiny frog
   976 | D        | Noticed a black mamba
   984 | D        | Killed a black mamba
   988 | D        | Noticed a six-headed hydra
   992 | D        | Killed a spiny frog
  1024 | D        | Killed an elephant
  1034 | D        | Killed a six-headed hydra
  1037 | D        | Reached skill level 10 in Fighting
  1066 | D        | Noticed a lindwurm
  1067 | D        | Noticed a lindwurm
  1073 | D        | Killed a lindwurm
  1073 | D        | Received a gift from Okawaru
  1078 | D        | Reached XP level 11. HP: 36/72 MP: 10/17
  1106 | D        | Killed a lindwurm
  1106 | D        | Reached skill level 1 in Throwing
  1356 | D        | Noticed Harold
  1370 | D        | Killed Harold
  1712 | D        | Noticed an orc knight
  1712 | D        | Noticed an orc knight
  1713 | D        | Noticed an orc knight
  1732 | D        | Noticed an orc high priest
  1741 | D        | Killed an orc knight
  1741 | D        | Received a gift from Okawaru
  1744 | D        | Noticed an orc knight
  1745 | D        | Noticed a soul eater
  1761 | D        | Killed an orc knight
  1762 | D        | Slain by an orc knight

Vault maps used:
D:        linesprint

Skill      XL: |  1  2  3  4  5  6  7  8  9 10 11 |
---------------+----------------------------------+-----
Dodging        | 1 2 4 5 6 7 8 |  8.0
Fighting       | 4 5 7 8 9 10 | 10.7
Maces & Flails | 4 5 8 10 11 12 13 | 13.1
Armour         | 5 6 9 11 12 13 14 | 14.2
Shields        | 5 6 9 11 12 13 14 | 14.3
Invocations    | 4 6 7 8 9 |  9.4
Throwing       | 2 |  2.5

Action                   |  1- 3 |  4- 6 |  7- 9 | 10-12 || total
-------------------------+-------+-------+-------+-------++-------
Melee: Flail             |    22 |     7 |       |       ||    29
       Morningstar       |       |    11 |    88 |   194 ||   293
Throw: Javelin           |       |       |       |     5 ||     5
Invok: Heroism           |       |       |     4 |     6 ||    10
       Finesse           |       |       |       |     8 ||     8
  Use: Potion            |     1 |       |       |       ||     1
       Scroll            |       |       |     2 |       ||     2
 Stab: Sleeping          |       |       |       |     1 ||     1
  Eat: Chunk             |       |       |       |     3 ||     3
Armor: Scale mail        |     5 |    18 |    46 |    13 ||    82
       Ring mail         |       |       |       |     7 ||     7
Dodge: Dodged            |     4 |       |    25 |    32 ||    61
Block: Shield            |    12 |     5 |    47 |    57 ||   121
